 Dungeon Crawl Stone Soup version 0.30-a0-591-g3c58d2bc28 (webtiles) character file.

Game seed: 7522317006482244730

136 Oxelix the Sneak (level 4, -3/22 HPs)
             Began as a Spriggan Brigand on Jan 6, 2023.
             Was a Follower of Dithmenos.
             Slain by a scorpion (7 damage)
             ... on level 6 of the Dungeon.
             The game lasted 00:07:17 (2605 turns).

Oxelix the Sneak (Spriggan Brigand)                 Turns: 2605, Time: 00:07:18

Health: -3/22      AC:  3    Str:  7    XL:     4   Next: 98%
Magic:  4/5        EV: 16    Int: 12    God:    Dithmenos [*.....]
Gold:   199        SH:  0    Dex: 18    Spells: 2/3 levels left

rFire   . . .      SeeInvis +    g - +3 dagger
rCold   . . .      Faith    .    (no shield)
rNeg    . . .      Spirit   .    b - +0 robe
rPois   .          Reflect  .    (helmet restricted)
rElec   .          Harm     .    c - +0 cloak
rCorr   .          Rampage  .    (gloves unavailable)
Will    .....                    (boots unavailable)
Stlth   +++++                    j - amulet of the acrobat
HPRegen 0.23/turn                (no ring)
MPRegen 0.09/turn                (no ring)

@: lethally poisoned (-3 -> -10), very slightly contaminated, wreathed by umbra,
very quick
A: very small, no large weapons, unfitting armour, see invisible, speed 3
a: Renounce Religion


You were on level 6 of the Dungeon.
You worshipped Dithmenos.
Dithmenos was aware of your devotion.
You visited 1 branch of the dungeon, and saw 6 of its levels.

You collected 199 gold pieces.

Inventory:

Hand Weapons
 g - a +3 dagger (weapon)
 o - a +0 sling
Missiles
 d - 7 poisoned darts (quivered)
 e - 3 curare-tipped darts
 w - 3 boomerangs
Armour
 b - a +0 robe (worn)
 c - a +0 cloak (worn)
Jewellery
 j - an amulet of the acrobat (around neck)
Scrolls
 a - 3 scrolls of identify {unknown}
 f - a scroll of teleportation {unknown}
 h - a scroll of immolation {unknown}
 l - 3 scrolls of magic mapping {unknown}
 n - a scroll of noise {unknown}
 q - 2 scrolls of vulnerability {unknown}
 r - a scroll of torment {unknown}
 s - 2 scrolls of enchant armour {unknown}
 t - a scroll of blinking {unknown}
Potions
 i - 3 potions of curing {unknown}
 k - a potion of brilliance {unknown}
 m - a potion of might {unknown}
 p - a potion of lignification {unknown}
 u - 2 potions of cancellation {unknown}
 v - a potion of heal wounds {unknown}


   Skills:
 - Level 1.5 Fighting
 * Level 3.9 Short Blades
 + Level 2.9 Throwing
 - Level 1.3 Dodging
 * Level 7.6 Stealth


You had 2 spell levels left.
You knew the following spells:

 Your Spells              Type           Power      Damage    Failure   Level
a - Sting                 Tmut/Pois      0%         1d3       32%         1

Your spell library contained the following spells:

 Spells                   Type           Power      Damage    Failure   Level
 Beastly Appendage        Tmut           0%         N/A       32%         1
 Poisonous Vapours        Pois/Air       0%         N/A       45%         2
 Wereblood                Tmut           0%         N/A       45%         2
 Gell's Gravitas          Tloc           0%         N/A       69%         3
 Lesser Beckoning         Tloc           0%         N/A       69%         3
 Spider Form              Tmut/Pois      0%         N/A       69%         3
 Teleport Other           Tloc           0%         N/A       69%         3
 Olgreb's Toxic Radiance  Pois           0%         N/A       97%         4


Dungeon Overview and Level Annotations

Branches:
Dungeon (7/15)             Temple (0/1) D:6

Altars:
Dithmenos
Okawaru
Trog
Xom


Innate Abilities, Weirdness & Mutations

You are very small and have problems with some larger weapons.
You are too small for most types of armour.
You have supernaturally acute eyesight. (SInv)
You cover ground extremely quickly. (Speed+++)


Message History

You are poisoned.
The scorpion poisons you!
You completely miss the scorpion.
The scorpion is moderately wounded.
You feel sick. The scorpion closely misses you.
You hit the scorpion but do no damage.
The scorpion is moderately wounded.
You feel sick. The scorpion closely misses you.
You hit the scorpion.
The scorpion is heavily wounded.
You feel sick. The scorpion misses you.
You hit the scorpion.
The scorpion is heavily wounded.
You feel sick. The scorpion barely misses you.
You hit the scorpion.
The scorpion is severely wounded.
You feel sick. The scorpion closely misses you.
You hit the scorpion.
The scorpion is severely wounded.
You feel sick. The scorpion closely misses you.
You completely miss the scorpion.
The scorpion is severely wounded.
The scorpion stings you.
You are lethally poisoned!
The scorpion poisons you!
You closely miss the scorpion.
The scorpion is severely wounded.
* * * LOW HITPOINT WARNING * * *
You feel sick. The scorpion misses you.
Casting: Sting (safe; 32% risk of failure)
Confirm with . or Enter, or press ? or * to list all spells.
Aiming: Sting (safe; 32% risk of failure)
Press: ? - help, Shift-Dir - straight line, f - scorpion
Aim: a scorpion (purple smoke, severely wounded, umbra, 64% to hit)
You miscast Sting.
You are very lightly contaminated with residual magic.
Nothing appears to happen.
* * * LOW HITPOINT WARNING * * *
You feel sick. The scorpion stings you!
You die...

#....#
#......#.######...
##########
#...............##
....
#......##.#####...
.... #......##.#
#.## ....
#......##.# #.##
....
#......##.#####...
...o
#......##.........
....
##......###########
. #.@.....#
#.s.....# #.§§§...#
#..§§...# #.....#.#
...#......
[####.#.## .. .#..


You could see a scorpion.

Vanquished Creatures
  An orc priest (D:4)
  3 adders (D:3)
  4 dart slugs
  7 orcs
  7 ball pythons
  2 bats
  3 endoplasms
  4 goblins
  7 hobgoblins
  2 jackals (D:1)
  3 quokkas (D:3)
  3 frilled lizards
  10 kobolds
  7 rats
63 creatures vanquished.

Notes
Turn   | Place    | Note
-------+----------+-------------------------------------------
     0 | D:1      | Oxelix the Spriggan Brigand began the quest for the Orb.
     0 | D:1      | Reached XP level 1. HP: 10/10 MP: 2/2
    25 | D:1      | Reached skill level 6 in Stealth
   187 | D:1      | Reached XP level 2. HP: 12/14 MP: 3/3
   347 | D:1      | Learned a level 1 spell: Sting
  1055 | D:2      | Reached XP level 3. HP: 18/18 MP: 2/4
  1136 | D:2      | Found a shadowy altar of Dithmenos.
  1161 | D:2      | Became a worshipper of Dithmenos the Shadowed
  1752 | D:3      | Found an iron altar of Okawaru.
  1761 | D:3      | Reached * piety under Dithmenos
  1762 | D:3      | Reached skill level 7 in Stealth
  1870 | D:3      | Reached XP level 4. HP: 22/22 MP: 5/5
  2300 | D:4      | Noticed a scorpion
  2333 | D:4      | Noticed an orc warrior
  2425 | D:4      | Found a bloodstained altar of Trog.
  2425 | D:4      | Found a shimmering altar of Xom.
  2439 | D:4      | You fall into a shaft and drop 3 floors!
  2480 | D:6      | Noticed an orc warrior
  2589 | D:6      | Noticed a scorpion
  2590 | D:6      | Found a staircase to the Ecumenical Temple.
  2605 | D:6      | Slain by a scorpion

Illustrated notes

Levels and vault maps discovered:
D:1:      eino_arrival_druids_welcome, layout_basic, serial_curves,
          eino_curves_01, eino_curves_04
D:2:      layout_basic, basic_altar
D:3:      layout_loops_ring, okawaru_metal_pillars_3, minmay_distorted
D:4:      layout_loops_ring, gammafunk_temple_overflow_elements,
          uniq_crazy_yiuf_cottage, uniq_edmund
D:6:      layout_basic, mainiacjoe_overflow_catwalk_spiral,
          minmay_temple_entry_purple_smoke
D:7:      layout_cave_pools, uniq_menkaure

Skill      XL: |  1  2  3 |
---------------+----------+-----
Stealth        | 6 7 |  7.6
Short Blades   | 3 |  3.9
Fighting       | |  1.5
Throwing       | |  2.9
Dodging        | |  1.3

Action                   |  1- 3 |  4- 6 || total
-------------------------+-------+-------++-------
Melee: Dagger            |   109 |    35 ||   144
 Fire: Sling             |     3 |       ||     3
Throw: Dart              |    21 |       ||    21
 Cast: Sting             |     5 |       ||     5
 Stab: Sleeping          |    10 |    11 ||    21
Armor: Robe              |    11 |       ||    11
Dodge: Dodged            |    65 |    23 ||    88

Table legend: (Time is in decaauts)
 A = Elapsed time spent in this place.
 B = Non-inter-level travel time spent in this place.
 C = Inter-level travel time spent in this place.
 D = Time resting spent in this place.
 E = Time spent auto-exploring this place.
 F = Levels seen in this place.
 G = Mean time per level.
                   A        B        C        D        E       F      G
               +--------+--------+--------+--------+--------+-----+--------+
         Total |   1712 |   1594 |    118 |     42 |    954 |   6 |  285.3 |
       Dungeon |   1712 |   1594 |    118 |     42 |    954 |   6 |  285.3 |
               +--------+--------+--------+--------+--------+-----+--------+

Top non-repeatable levels by time:
     D:1: 570 daAuts
     D:3: 520 daAuts
     D:2: 468 daAuts
     D:6: 99 daAuts
     D:4: 48 daAuts
     D:7: 6 daAuts
